 Dungeon Crawl Stone Soup version 0.26.1-11-gd32895ea62 (webtiles) character file.

Game seed: 13535142992670012745

828 phalm the Conjurer (level 7, 0/51 HPs)
             Began as a Gnoll Conjurer on May 10, 2021.
             Killed from afar by Sigmund (5 damage)
             ... with a magic dart
             ... on level 6 of the Dungeon.
             The game lasted 00:10:24 (6618 turns).

phalm the Conjurer (Gnoll Conjurer)                 Turns: 6618, Time: 00:10:25

Health: 0/51       AC:  6    Str: 10    XL:     7   Next: 97%
Magic:  2/15       EV: 15    Int: 22    God:
Gold:   173        SH:  5    Dex: 13    Spells: 10/17 levels left

rFire    + . .     SeeInvis .   q - staff of fire {!a}
rCold    . . .     Faith    .   (no shield)
rNeg     . . .     Spirit   .   f - +0 robe (curse)
rPois    .         Reflect  +   B - +1 helmet
rElec    .         Harm     .   (no cloak)
rCorr    .         Rampage  .   l - +0 pair of gloves
Will     +....                  y - +0 pair of boots
Stlth    +++.......             u - amulet of reflection
HPRegen  0.17/turn              m - ring of willpower
MPRegen  0.14/turn              (no ring)

@: no status effects
A: distributed training, fangs 1, strong nose
a: no special abilities


You were on level 6 of the Dungeon.
You visited 1 branch of the dungeon, and saw 6 of its levels.

You collected 283 gold pieces.
You spent 110 gold pieces at shops.


Innate Abilities, Weirdness & Mutations

Your experience applies equally to all skills.
You have very sharp teeth.
Your uncanny sense of smell can sniff out nearby items.


   Skills:
 + Level 2.8 Fighting
 + Level 2.8 Short Blades
 + Level 2.8 Long Blades
 + Level 2.8 Axes
 + Level 2.8 Maces & Flails
 + Level 2.8 Polearms
 + Level 2.8 Staves
 + Level 2.8 Slings
 + Level 2.8 Bows
 + Level 2.8 Crossbows
 + Level 2.8 Throwing
 + Level 2.8 Armour
 + Level 5.4 Dodging
 + Level 5.1 Stealth
 + Level 2.8 Shields
 + Level 2.8 Unarmed Combat
 + Level 5.8 Spellcasting
 + Level 7.5 Conjurations
 + Level 2.3 Hexes
 + Level 2.3 Summonings
 + Level 2.3 Necromancy
 + Level 2.3 Translocations
 + Level 2.3 Transmutations
 + Level 2.3 Fire Magic
 + Level 2.3 Ice Magic
 + Level 2.3 Air Magic
 + Level 2.3 Earth Magic
 + Level 2.3 Poison Magic
 + Level 3.1 Invocations
 + Level 2.8 Evocations


You had 10 spell levels left.
You knew the following spells:

 Your Spells              Type           Power        Failure   Level
m - Magic Dart            Conj           100%         1%          1
s - Searing Ray           Conj           78%          1%          2
X - Iskenderun's Mystic   Conj/Tloc      28%          12%         4

Your spell library contained the following spells:

 Spells                   Type           Power        Failure   Level
 Dazzling Flash           Conj/Hex       56%          3%          3
 Fulminant Prism          Conj/Hex       14%          12%         4

Inventory:

Hand Weapons
 h - a +0 falchion
   (You found it on level 1 of the Dungeon)
Missiles
 c - 117 stones
 e - 6 boomerangs
 j - 101 sling bullets
 n - 60 arrows
 p - 92 bolts
 t - 4 atropa-tipped darts
 w - 38 poisoned darts
 x - a javelin
Armour
 a - a +0 robe
 f - a cursed +0 robe (worn)
   (You found it on level 1 of the Dungeon)
 l - a +0 pair of gloves (worn)
   (You found it on level 2 of the Dungeon)
 y - a +0 pair of boots (worn)
   (You found it on level 3 of the Dungeon)
 B - a +1 helmet (worn)
   (You found it on level 4 of the Dungeon)
Magical Staves
 q - an uncursed staff of fire (weapon) {!a}
   (You found it on level 2 of the Dungeon)
Jewellery
 m - a ring of willpower (left hand)
   (You found it on level 2 of the Dungeon)
 u - an amulet of reflection (around neck)
   (You found it on level 3 of the Dungeon)
Scrolls
 d - 2 scrolls of immolation {!r!r}
 g - 2 scrolls of identify {@r1}
 k - 3 scrolls of remove curse {@r2}
 r - a scroll of blinking {!r}
 s - 3 scrolls of enchant armour
 v - 4 scrolls of teleportation {unknown}
 z - a scroll of magic mapping {!r}
Potions
 b - 4 potions of curing {@q1}
 i - a potion of invisibility
 o - 4 potions of lignification {!q}
 A - 2 potions of flight {unknown}
 C - a potion of berserk rage {unknown}
 D - a potion of mutation {unknown}
 E - a potion of resistance {unknown}
 F - a potion of might {unknown}
 G - a potion of attraction {!q}

Dungeon Overview and Level Annotations

Branches:
Dungeon (6/15)
 Temple: D:4-7

Altars:
Fedhas
Okawaru
Ru
Uskayaw
Zin

Shops:
D:4 }   D:5 !

Annotations:
D:6 Sigmund

.....†....#
#...........#
..........#
#...........#
..........####
#...........#
.............#
#...........#
.............#
#...........#
..........†..#
#........>..#
.......###...#
#...........#
.......#
#...###...........#
.......#
#...{..@<.........#
.......#
#.................#
.......#
#........##.#######
######.#
#........##†#..#
#.#
#........##.#..#
#.#
########.##.#..#
#.##.#..# #.##.#..#
#.##.#..#


There were no monsters in sight!


Message History

Confirm with . or Enter, or press ? or * to list all spells.
Aiming: Searing Ray (safe; 1% risk of failure)
Press: ? - help, Shift-Dir - straight line, f/p - Sigmund
Aim: Sigmund, wielding a +2 scythe of protection and wearing a +0 robe (moderately wounded, 22% to evade)
The searing ray misses the adder skeleton.
The searing ray misses Sigmund. (Press . to maintain the ray.) 😎 HP[+1] MP[-2]
Your hp is fully restored (51).
You lost 2 mp, and now have 9/15 mp.
The searing ray hits the iguana.
The searing ray hits Sigmund!
Sigmund hits you from afar with a +2 scythe of protection! 😕 HP[-8] MP[-1]
You take 8 damage, and now have 43/51 hp.
You lost 1 mp, and now have 8/15 mp.
The searing ray misses the iguana.
The searing ray misses Sigmund.
The iguana bites you. 😮 HP[-6]
You take 6 damage, and now have 37/51 hp.
The searing ray hits the iguana!
The searing ray hits Sigmund!
You finish channeling your searing ray.
The adder skeleton misses you. You block the iguana's attack.
Sigmund hits you but does no damage. 😮 MP[-1]
You lost 1 mp, and now have 7/15 mp. 😮 HP[+1]
Casting: Searing Ray (safe; 1% risk of failure)
Confirm with . or Enter, or press ? or * to list all spells.
Aiming: Searing Ray (safe; 1% risk of failure)
Press: ? - help, Shift-Dir - straight line, f/p - Sigmund
Aim: Sigmund, wielding a +2 scythe of protection and wearing a +0 robe (almost dead, 22% to evade)
The searing ray hits the scorpion.
The searing ray hits Sigmund. (Press . to maintain the ray.) 😮 MP[-2]
You lost 2 mp, and now have 5/15 mp.
The searing ray hits the scorpion.
The searing ray misses the worker ant.
The scorpion barely misses you. The iguana bites you!
Sigmund casts a spell at himself.
Sigmund flickers and vanishes!
Deactivating autopickup; reactivate with Ctrl-A. 😮 HP[-8] MP[-1]
You take 8 damage, and now have 30/51 hp.
You lost 1 mp, and now have 4/15 mp.
The searing ray misses the scorpion.
The searing ray hits the worker ant.
The searing ray hits the adder skeleton!
You destroy the adder skeleton!
The scorpion stings you!
* * * LOW HITPOINT WARNING * * *
The iguana closely misses you. 😨 HP[-8]
You take 8 damage, and now have 22/51 hp.
The searing ray misses the scorpion.
The searing ray hits the worker ant!
You finish channeling your searing ray.
You block the scorpion's attack. The iguana bites you.
* * * LOW HITPOINT WARNING * * *
Something hits you.
* * * LOW HITPOINT WARNING * * *
😨 HP[-7] MP[-1]
You take 7 damage, and now have 15/51 hp.
You lost 1 mp, and now have 3/15 mp.
The iguana hisses menacingly. 😨 HP[+1]
Casting: Searing Ray (safe; 1% risk of failure)
Confirm with . or Enter, or press ? or * to list all spells.
Aiming: Searing Ray (safe; 1% risk of failure)
Press: ? - help, Shift-Dir - straight line The searing ray hits the scorpion!
You kill the scorpion! (Press . to maintain the ray.) 😨 MP[-2]
You lost 2 mp, and now have 1/15 mp.
The searing ray hits the iguana.
The iguana misses you.
The searing ray hits the iguana.
You kill the iguana!
The searing ray hits the worker ant!
You kill the worker ant! 😨 MP[-1]
You lost 1 mp, and now have 0/15 mp.
Without enough magic to sustain it, your searing ray dissipates.
Something hits you.
* * * LOW HITPOINT WARNING * * *
😨 HP[-2]
You take 2 damage, and now have 14/51 hp.
Something hits you.
* * * LOW HITPOINT WARNING * * *
😱 HP[-2]
You take 2 damage, and now have 12/51 hp.
Something hits you.
* * * LOW HITPOINT WARNING * * *
😱 HP[-5]
You take 5 damage, and now have 7/51 hp. 😱 MP[+1] 😱 HP[+1]
Something hits you.
* * * LOW HITPOINT WARNING * * *
😱 HP[-4]
You take 4 damage, and now have 4/51 hp. 😱 HP[+1] 😱 MP[+1]
A magic dart appears from out of thin air!
The magic dart hits you.
You die...

Skill      XL: |  1  2  3  4  5  6  7 |
---------------+----------------------+-----
Spellcasting   | 5 |  5.8
Invocations    | 1 2 3 |  3.1
Fighting       | 1 2 |  2.8
Short Blades   | 1 2 |  2.8
Long Blades    | 1 2 |  2.8
Axes           | 1 2 |  2.8
Maces & Flails | 1 2 |  2.8
Polearms       | 1 2 |  2.8
Staves         | 1 2 |  2.8
Slings         | 1 2 |  2.8
Bows           | 1 2 |  2.8
Crossbows      | 1 2 |  2.8
Throwing       | 1 2 |  2.8
Armour         | 1 2 |  2.8
Shields        | 1 2 |  2.8
Unarmed Combat | 1 2 |  2.8
Evocations     | 1 2 |  2.8
Hexes          | 1 2 |  2.3
Summonings     | 1 2 |  2.3
Necromancy     | 1 2 |  2.3
Translocations | 1 2 |  2.3
Transmutations | 1 2 |  2.3
Fire Magic     | 1 2 |  2.3
Ice Magic      | 1 2 |  2.3
Air Magic      | 1 2 |  2.3
Earth Magic    | 1 2 |  2.3
Poison Magic   | 1 2 |  2.3
Dodging        | 5 |  5.4
Stealth        | 5 |  5.1
Conjurations   | |  7.5

Action                   |  1- 3 |  4- 6 |  7- 9 || total
-------------------------+-------+-------+-------++-------
Melee: Falchion          |     5 |       |       ||     5
       Bite              |     1 |       |     2 ||     3
       Staff             |       |     3 |    17 ||    20
       Punch             |       |       |     1 ||     1
Throw: Dart              |       |       |     1 ||     1
       Javelin           |       |       |     1 ||     1
 Cast: Magic Dart        |    59 |   101 |    64 ||   224
       Searing Ray       |       |     9 |     9 ||    18
  Use: Scroll            |       |       |     7 ||     7
 Stab: Sleeping          |     2 |       |       ||     2
Armor: Robe              |     1 |     3 |     3 ||     7
Dodge: Dodged            |     6 |    11 |    32 ||    49
Block: Other             |       |     3 |     4 ||     7
       Reflection        |       |     2 |       ||     2
       Rpst.: Falchion   |     1 |       |       ||     1

Levels and vault maps discovered:
D:1:      dpeg_arrival_tiny_h, layout_basic, okawaru_ov_weapons_minmay
D:2:      wad_pebble_path, layout_loops_ring, lemuel_crystal_altar, uniq_jessica
D:3:      layout_basic, grunt_ministairs_7
D:4:      layout_layer_cave, marbit_many_paths, serial_shops, shop_statue
D:5:      layout_cave_pools, nicolae_overflow_hidden_temple,
          serial_co_window_serial, co_window_paths_a, co_window_corner_a,
          co_window_corner_a, co_window_paths_a, co_window_corner_a,
          co_window_paths_c, co_window_of_opportunity_c,
          co_window_of_opportunity_b, co_window_paths_c, co_window_corner_cb,
          co_window_paths_d, co_window_sun, glass_columns_a, glass_columns_a,
          glass_columns_a, glass_columns_c, glass_columns_a, serial_shops,
          nicolae_shop_crystal
D:6:      layout_basic, bloody_trog, uniq_grinder, uniq_sigmund, uniq_eustachio,
          uniq_crazy_yiuf_cottage

Notes
Turn   | Place    | Note
-------+----------+-------------------------------------------
     0 | D:1      | phalm the Gnoll Conjurer began the quest for the Orb.
     0 | D:1      | Reached XP level 1. HP: 13/13 MP: 6/6
     0 | D:1      | magus.rc [v1.9.10]
   343 | D:1      | Reached XP level 2. HP: 19/19 MP: 0/7
   346 | D:1      | Learned a level 2 spell: Searing Ray
   727 | D:1      | Found an iron altar of Okawaru.
  1209 | D:2      | Reached skill level 5 in Spellcasting
  1209 | D:2      | Reached XP level 3. HP: 25/25 MP: 5/9
  1320 | D:2      | Reached skill level 1 in Invocations
  1477 | D:2      | Reached skill level 1 in Fighting
  1477 | D:2      | Reached skill level 1 in Short Blades
  1477 | D:2      | Reached skill level 1 in Long Blades
  1477 | D:2      | Reached skill level 1 in Axes
  1477 | D:2      | Reached skill level 1 in Maces & Flails
  1477 | D:2      | Reached skill level 1 in Polearms
  1477 | D:2      | Reached skill level 1 in Staves
  1477 | D:2      | Reached skill level 1 in Slings
  1477 | D:2      | Reached skill level 1 in Bows
  1477 | D:2      | Reached skill level 1 in Crossbows
  1477 | D:2      | Reached skill level 1 in Throwing
  1477 | D:2      | Reached skill level 1 in Armour
  1477 | D:2      | Reached skill level 1 in Shields
  1477 | D:2      | Reached skill level 1 in Unarmed Combat
  1477 | D:2      | Reached skill level 1 in Evocations
  1511 | D:2      | Reached XP level 4. HP: 32/32 MP: 6/11
  1516 | D:2      | Learned a level 4 spell: Iskenderun's Mystic Blast
  1924 | D:2      | Found a glowing silver altar of Zin.
  1947 | D:2      | Noticed Jessica
  1949 | D:2      | Killed Jessica
  1950 | D:2      | Reached skill level 1 in Hexes
  1950 | D:2      | Reached skill level 1 in Summonings
  1950 | D:2      | Reached skill level 1 in Necromancy
  1950 | D:2      | Reached skill level 1 in Translocations
  1950 | D:2      | Reached skill level 1 in Transmutations
  1950 | D:2      | Reached skill level 1 in Fire Magic
  1950 | D:2      | Reached skill level 1 in Ice Magic
  1950 | D:2      | Reached skill level 1 in Air Magic
  1950 | D:2      | Reached skill level 1 in Earth Magic
  1950 | D:2      | Reached skill level 1 in Poison Magic
  2161 | D:2      | Reached XP level 5. HP: 37/37 MP: 3/12
  3113 | D:3      | Noticed a big kobold
  3122 | D:3      | Killed a big kobold
  3338 | D:4      | Reached skill level 2 in Invocations
  3338 | D:4      | Reached XP level 6. HP: 39/44 MP: 6/13
  3507 | D:4      | Reached skill level 2 in Fighting
  3507 | D:4      | Reached skill level 2 in Short Blades
  3507 | D:4      | Reached skill level 2 in Long Blades
  3507 | D:4      | Reached skill level 2 in Axes
  3507 | D:4      | Reached skill level 2 in Maces & Flails
  3507 | D:4      | Reached skill level 2 in Polearms
  3507 | D:4      | Reached skill level 2 in Staves
  3507 | D:4      | Reached skill level 2 in Slings
  3507 | D:4      | Reached skill level 2 in Bows
  3507 | D:4      | Reached skill level 2 in Crossbows
  3507 | D:4      | Reached skill level 2 in Throwing
  3507 | D:4      | Reached skill level 2 in Armour
  3507 | D:4      | Reached skill level 5 in Dodging
  3507 | D:4      | Reached skill level 2 in Shields
  3507 | D:4      | Reached skill level 2 in Unarmed Combat
  3507 | D:4      | Reached skill level 2 in Evocations
  3779 | D:4      | Found Fuewouku's Gadget Shoppe.
  4789 | D:4      | Found a sacrificial altar of Ru.
  4930 | D:5      | Entered Level 5 of the Dungeon
  4942 | D:5      | Reached XP level 7. HP: 50/50 MP: 9/15
  4986 | D:5      | Found a blossoming altar of Fedhas.
  4989 | D:5      | Found a hide-covered altar of Uskayaw.
  5567 | D:5      | Found Qaxzilav's Distillery.
  5573 | D:5      | Bought a potion of lignification for 33 gold pieces
  5573 | D:5      | Bought a potion of curing for 33 gold pieces
  5573 | D:5      | Bought a potion of attraction for 33 gold pieces
  5573 | D:5      | Bought a potion of degeneration for 11 gold pieces
  5642 | D:5      | Reached skill level 2 in Hexes
  5642 | D:5      | Reached skill level 2 in Summonings
  5642 | D:5      | Reached skill level 2 in Necromancy
  5642 | D:5      | Reached skill level 2 in Translocations
  5642 | D:5      | Reached skill level 2 in Transmutations
  5642 | D:5      | Reached skill level 2 in Fire Magic
  5642 | D:5      | Reached skill level 2 in Ice Magic
  5642 | D:5      | Reached skill level 2 in Air Magic
  5642 | D:5      | Reached skill level 2 in Earth Magic
  5642 | D:5      | Reached skill level 2 in Poison Magic
  6471 | D:6      | Reached skill level 5 in Stealth
  6471 | D:6      | Reached skill level 3 in Invocations
  6578 | D:6      | Noticed Sigmund
  6605 | D:6      | HP: 12/51 [something (2)]
  6613 | D:6      | HP: 4/51 [something (4)]
  6618 | D:6      | Killed from afar by Sigmund

Vanquished Creatures
  An ogre (D:4)
  A big kobold (D:3)
  A bullfrog (D:6)
  2 scorpions (D:6)
  An orc priest (D:5)
  A bullfrog skeleton (D:4)
  2 hounds (D:5)
  An iguana (D:6)
  Jessica (D:2)
  2 worker ants
  3 orc wizards
  3 gnolls (D:5)
  3 adders (D:2)
  A shadow imp (D:5)
  A white imp (D:4)
  An ufetubus (D:5)
  2 oozes
  An adder zombie (D:5)
  2 adder skeletons
  4 worms
  5 dart slugs (D:2)
  2 leopard geckos
  13 orcs
  3 bats
  5 giant cockroaches
  9 goblins
  7 hobgoblins
  16 jackals
  10 kobolds
  2 quokkas
  3 frilled lizards
  A leopard gecko skeleton (D:5)
  6 rats
116 creatures vanquished.

Table legend:
 A = Non-vault XP
 B = Vault XP
 C = Vault XP percentage of total XP
 D = Non-vault monster count
 E = Vault monster count
 F = Vault count percentage of total count
                 A         B        C        D         E       F
            +---------+---------+-------+---------+---------+-------
      Total |    1145 |      38 |   3.2 |     114 |       2 |   1.7
            +---------+---------+-------+---------+---------+-------
        D:1 |      31 |       0 |   0.0 |      16 |       0 |   0.0
        D:2 |     104 |      37 |  26.2 |      31 |       1 |   3.1
        D:3 |     139 |       1 |   0.7 |      24 |       1 |   4.0
        D:4 |     268 |       0 |   0.0 |      12 |       0 |   0.0
        D:5 |     291 |       0 |   0.0 |      21 |       0 |   0.0
        D:6 |     312 |       0 |   0.0 |      10 |       0 |   0.0
            +---------+---------+-------+---------+---------+-------

Illustrated notes

Table legend:
 A = Kills in this place as a percentage of kills in entire the game.
 B = Kills by you in this place as a percentage of kills by you in the entire game.
 C = Kills by friends in this place as a percentage of kills by friends in the entire game.
 D = Other kills in this place as a percentage of other kills in the entire game.
 E = Experience gained in this place as a percentage of experience gained in the entire game.
 F = Experience gained in this place divided by the number of levels of this place that you have seen.
                   A       B       C       D       E      F
               +-------+-------+-------+-------+-------+----------------------
         Total | 100.0 | 100.0 |   N/A |   N/A | 100.0 | 197.2
       Dungeon | 100.0 | 100.0 |   N/A |   N/A | 100.0 | 197.2
               +-------+-------+-------+-------+-------+----------------------

Table legend: (Time is in decaauts)
 A = Elapsed time spent in this place.
 B = Non-inter-level travel time spent in this place.
 C = Inter-level travel time spent in this place.
 D = Time resting spent in this place.
 E = Time spent auto-exploring this place.
 F = Levels seen in this place.
 G = Mean time per level.
                   A        B        C        D        E       F      G
               +--------+--------+--------+--------+--------+-----+--------+
         Total |   6618 |   6374 |    244 |      0 |   5804 |   6 | 1103.0 |
       Dungeon |   6618 |   6374 |    244 |      0 |   5804 |   6 | 1103.0 |
               +--------+--------+--------+--------+--------+-----+--------+

Top non-repeatable levels by time:
     D:4: 1604 daAuts
     D:2: 1432 daAuts
     D:5: 1356 daAuts
     D:1: 1083 daAuts
     D:3: 809 daAuts
     D:6: 333 daAuts
